Map: Emerald City LE

Players

Massa

  • Race: Terran Terran
  • League: Platinum
  • Spawn Location: 11:00

qqq

  • Race: Zerg Zerg
  • Spawn Location: 11:00

Zalia - Winner!

  • Race: Protoss Protoss
  • League: Gold
  • Spawn Location: 5:00

Foodmaker - Winner!

  • Race: Terran Terran
  • League: Platinum
  • Spawn Location: 5:00

VOD

Have the link to the VOD?

Description

Time

  • Played on: Nov. 5, 2020, 3:12 p.m.
  • Length: 13:10
Show
View Real Time Build Order
Export as new Build Order

Massa Terran 

Build Orders: Gas First Reaper Expand 

Get SALT Encoding   

  12  0:00  SCV  
  13  0:12  SCV  
  14  0:22  Supply Depot  
  14  0:25  SCV  
  15  0:30  Refinery  
  15  0:43  SCV  
  15  0:45  Barracks  
  16  0:55  SCV  
  17  1:07  SCV  
  18  1:21  SCV  
  19  1:34  Reaper  
  19  1:39  Command Center  
  20  1:47  Orbital Command  
  20  2:01  Barracks  
  20  2:06  Marine  
  21  2:20  SCV  
  22  2:33  Factory  
  22  2:35  SCV, Barracks  
  23  2:46  Barracks Tech Lab  
  23  2:51  SCV, Marine  
  25  2:52  Supply Depot  
  25  2:56  Orbital Command  
  25  3:03  Supply Depot  
  25  3:04  SCV  
  26  3:08  Marine  
  26  3:12  Marine  
  28  3:18  Hellion  
  30  3:22  Marine  
  30  3:26  Marine  
  32  3:28  SCV  
  32  3:29  Marine  
  32  3:32  Stimpack  
  34  3:39  SCV  
  35  3:41  Supply Depot  
  35  3:42  Hellion  
  35  3:45  Marine  
  35  3:48  Marauder  
  40  3:50  Marine  
  41  4:03  Marine  
  41  4:04  Hellion  
  41  4:08  SCV x2, Marine  
  41  4:09  Marauder  
  49  4:20  SCV, Marine  
  51  4:25  Factory Tech Lab  
  51  4:26  Marine  
  51  4:29  Starport  
  51  4:31  Marauder  
  40  5:05  Siege Tank  
  40  5:06  Marauder, Marine x2  
  42  5:22  SCV x2  
  42  5:23  Refinery, Marine  
  42  5:24  Marine  
  42  5:27  Marauder  
  42  5:28  Refinery  
  48  5:30  Refinery  
  48  5:32  Engineering Bay  
  48  5:34  SCV x2  
  50  5:37  Command Center  
  50  5:42  Marine  
  50  5:43  Marine  
  50  5:46  SCV x2  
  50  5:49  Marauder  
  56  6:00  Marine x2  
  45  6:30  Marauder, Marine x2  
  46  6:33  Widow Mine  
  46  6:35  Liberator  
  51  6:43  Combat Shield  
  51  6:46  SCV x2  
  53  6:48  Marine x2  
  53  6:52  Marauder  
  50  6:55  Widow Mine  
  50  6:58  SCV  
  52  7:10  SCV  
  52  7:13  Marauder  
  55  7:16  Widow Mine  
  57  7:23  SCV  
  57  7:28  Orbital Command  
  58  7:34  Marauder  
  58  7:35  SCV  
  61  7:38  Missile Turret  
  61  7:41  Barracks Reactor  
  61  7:42  Command Center  
  61  7:47  SCV  
  62  7:58  Missile Turret  
  62  8:07  Supply Depot x3  
  62  8:08  Supply Depot  
  62  8:18  Missile Turret  
  62  8:21  Barracks Reactor  
  62  8:28  SCV x2, Marine x2  
  62  8:29  Marauder  
  62  8:31  Supply Depot  
  68  8:34  Supply Depot  
  68  8:40  SCV x2  
  70  8:46  Marine, Siege Tank  
  70  8:47  Marine  
  72  8:50  Marauder  
  72  8:52  SCV x2  
  76  8:58  Medivac  
  78  9:04  Marine  
  78  9:05  SCV, Marine  
  81  9:11  Marauder  
  81  9:13  Orbital Command  
  81  9:16  Terran Infantry Armor Level 1  
  83  9:18  Siege Tank  
  83  9:20  Engineering Bay  
  83  9:21  Marine  
  87  9:28  Medivac  
  87  9:33  Marauder, Marine x3  
  89  9:46  Marine  
  89  9:50  Siege Tank  
  89  9:51  Marine x2  
  94  9:54  Marauder  
  96  10:04  Marine  
  96  10:05  Missile Turret  
  96  10:06  Missile Turret  
  97  10:07  Missile Turret  
  97  10:08  Marine, Missile Turret  
  97  10:13  Medivac  
  100  10:15  Barracks, Marauder  
  100  10:16  Barracks  
  100  10:19  Armory  
  102  10:22  Marine, Siege Tank  
  106  10:37  Marauder  
  108  10:43  Viking  
  108  10:45  Concussive Shells  
  108  10:46  Barracks Reactor  
  108  10:48  Marine x2  
  112  10:58  Marine  
  112  11:01  Sensor Tower  
  113  11:05  Marine  
  114  11:13  Viking  
  114  11:16  Marauder  
  115  11:43  Viking  
  117  11:56  Marauder, Marine x4  
  123  12:13  Viking  
  123  12:14  Marine  
  119  12:17  Marauder  
  80  12:35  Marine  
  73  12:39  Marauder  
  73  12:46  Marine x3  
Show
View Real Time Build Order
Export as new Build Order

qqq Zerg 

Build Orders: Hatch First, Lurkers 

Get SALT Encoding   

  12  0:03  Drone  
  13  0:08  Drone  
  14  0:38  Hatchery  
  13  0:44  Drone  
  14  0:57  Spawning Pool  
  13  1:06  Overlord  
  13  1:10  Drone  
  14  1:20  Extractor, Drone  
  14  1:33  Drone x2  
  16  1:45  Drone  
  17  1:55  Drone  
  17  2:02  Drone, Queen  
  17  2:04  Queen  
  17  2:08  Drone  
  23  2:12  Drone  
  23  2:15  Drone  
  25  2:19  Drone  
  26  2:31  Drone  
  26  2:32  Overlord  
  27  2:39  Metabolic Boost  
  27  2:46  Drone  
  27  2:48  Overlord  
  29  2:51  Drone  
  29  2:52  Zergling x2  
  29  2:55  Zergling x2  
  29  2:56  Zergling x2  
  32  3:06  Zergling x2  
  32  3:07  Zergling x2  
  34  3:15  Zergling x6  
  34  3:16  Zergling x6  
  40  3:22  Zergling x2  
  40  3:23  Zergling x2  
  42  3:33  Zergling x2  
  43  3:34  Zergling x2  
  44  3:45  Overlord  
  44  3:46  Hatchery  
  43  3:50  Overlord  
  43  3:53  Drone  
  44  4:08  Zergling x6  
  44  4:09  Drone x2  
  49  4:17  Zergling x4, Overlord  
  49  4:18  Drone  
  45  4:46  Zergling x6  
  45  4:47  Drone x2  
  45  4:48  Zergling x6  
  49  4:57  Zergling x2  
  50  5:01  Queen  
  50  5:02  Drone  
  49  5:09  Drone x2  
  51  5:19  Drone x2  
  53  5:25  Lair  
  53  5:27  Zergling x4  
  55  5:32  Zergling x12  
  55  5:33  Zergling x2  
  55  5:35  Hatchery  
  60  5:58  Zergling x6  
  60  5:59  Drone, Zergling x2  
  60  6:00  Drone, Zergling x10  
  62  6:13  Zergling x8  
  62  6:14  Zergling x10  
  68  6:21  Zergling x2  
  68  6:22  Zergling x4  
  48  6:35  Overlord  
  48  6:36  Overlord x2  
  48  6:37  Overlord  
  45  6:43  Spawning Pool  
  33  7:05  Drone x3  
  33  7:06  Drone x4  
  33  7:08  Drone x4  
  43  7:18  Drone  
  43  7:19  Drone  
  43  7:20  Drone x5, Spire  
  43  7:22  Drone  
  50  7:27  Extractor  
  50  7:28  Extractor  
  48  7:33  Drone, Hydralisk Den  
  48  7:39  Extractor  
  48  7:40  Extractor  
  46  7:59  Queen  
  46  8:00  Drone x2  
  46  8:01  Drone  
  51  8:06  Lurker Den  
  51  8:07  Overlord  
  51  8:08  Overlord x2  
  51  8:09  Drone x2  
  51  8:10  Drone x5  
  51  8:11  Drone  
  58  8:28  Drone x2  
  58  8:30  Hydralisk  
  58  8:32  Hatchery  
  61  8:34  Mutalisk x2  
  61  8:35  Mutalisk  
  61  8:36  Mutalisk  
  69  8:43  Drone x3  
  69  8:44  Mutalisk  
  69  8:47  Overlord x3  
  74  8:48  Drone  
  74  8:49  Drone  
  74  8:50  Drone  
  74  8:52  Drone  
  78  8:57  Hydralisk  
  78  8:58  Hydralisk  
  82  9:05  Hydralisk x3  
  88  9:20  Lurker  
  88  9:21  Evolution Chamber  
  88  9:24  Overlord x2  
  88  9:26  Hydralisk x4  
  88  9:27  Drone  
  88  9:28  Drone x3  
  91  9:57  Lurker x4  
  91  9:58  Drone x5  
  91  9:59  Drone x3, Hydralisk  
  99  10:00  Zergling x6  
  99  10:01  Zergling x10  
  99  10:05  Extractor  
  99  10:06  Extractor  
  107  10:09  Mutalisk  
  101  10:33  Hydralisk x5  
  101  10:35  Drone x5, Mutalisk  
  116  10:53  Drone, Infestation Pit  
  116  10:55  Extractor, Zerg Melee Weapons Level 1  
  115  11:00  Zergling x6  
  115  11:03  Overlord x2  
  115  11:04  Overlord x4  
  112  11:18  Lurker  
  112  11:19  Lurker  
  112  11:20  Hydralisk x2  
  112  11:22  Drone x3  
  112  11:23  Overlord x3  
  68  12:06  Drone x3  
  71  12:18  Zergling x10  
  71  12:19  Zergling x8  
  48  12:57  Hatchery  
  46  12:58  Hatchery  
Show
View Real Time Build Order
Export as new Build Order

Zalia Protoss - Winner!

Build Orders: Double Forge 

Get SALT Encoding   

  12  0:00  Probe  
  13  0:12  Probe  
  14  0:18  Pylon  
  14  0:24  Probe  
  15  0:37  Probe, Gateway  
  16  0:49  Probe  
  17  1:01  Probe, Assimilator  
  18  1:13  Probe  
  19  1:25  Probe  
  20  1:28  Cybernetics Core  
  20  1:31  Pylon  
  20  1:42  Probe  
  21  1:53  Nexus  
  21  1:54  Probe  
  22  2:02  Warp Gate (Chrono Boost)  
  22  2:05  Stalker (Chrono Boost)  
  23  2:27  Assimilator  
  23  2:30  Stalker (Chrono Boost)  
  25  2:39  Probe  
  27  2:51  Probe (Chrono Boost)  
  27  3:01  Probe (Chrono Boost)  
  27  3:03  Gateway  
  29  3:05  Probe (Chrono Boost)  
  29  3:06  Probe (Chrono Boost), Gateway  
  30  3:17  Probe x2  
  32  3:26  Twilight Council  
  32  3:27  Forge  
  32  3:29  Probe x2  
  34  3:41  Probe  
  35  3:42  Probe  
  35  3:46  Pylon  
  36  4:00  Probe (Chrono Boost)  
  38  4:03  Forge  
  38  4:05  Probe (Chrono Boost)  
  39  4:10  Probe (Chrono Boost)  
  39  4:12  Robotics Facility  
  39  4:14  Probe (Chrono Boost)  
  40  4:21  Protoss Ground Weapons Level 1  
  40  4:26  Pylon  
  40  4:27  Charge (Chrono Boost)  
  40  4:29  Pylon  
  38  4:32  Templar Archives  
  38  4:37  Stalker  
  24  4:47  Zealot x2  
  28  5:00  Zealot  
  28  5:13  Probe (Chrono Boost)  
  30  5:14  Probe (Chrono Boost)  
  30  5:24  Probe x2 (Chrono Boost), Zealot x2  
  37  5:28  Observer  
  37  5:29  Probe x2 (Chrono Boost)  
  39  5:38  Protoss Ground Armor Level 1  
  39  5:39  Probe  
  39  5:40  Probe  
  41  5:53  Blink  
  36  6:02  Zealot x3  
  33  6:30  Zealot x3  
  33  6:38  Probe (Chrono Boost)  
  33  6:39  Probe (Chrono Boost)  
  35  6:50  Probe (Chrono Boost)  
  35  6:51  Probe (Chrono Boost)  
  35  6:52  Stalker  
  39  6:55  Stalker  
  39  6:57  Probe x2 (Chrono Boost)  
  43  7:02  Stalker  
  43  7:04  Probe x2  
  47  7:16  Probe x2  
  49  7:26  Zealot  
  49  7:28  Probe x2  
  53  7:30  Protoss Ground Weapons Level 2 (Chrono Boost)  
  53  7:38  Observer  
  53  7:40  Probe  
  53  7:41  Probe  
  56  7:52  Probe, Assimilator  
  56  7:53  Probe  
  56  7:55  Assimilator  
  58  8:04  Nexus  
  58  8:05  Probe x2  
  60  8:07  Pylon  
  60  8:10  Stalker  
  60  8:11  Stalker  
  64  8:31  Probe x2  
  64  8:43  Probe x2  
  66  8:55  Probe x2  
  68  9:03  Zealot x3  
  68  9:06  Psionic Storm, Pylon, Protoss Ground Armor Level 2 (Chrono Boost)  
  68  9:07  Probe x2  
  76  9:23  Gateway  
  76  9:24  Gateway  
  76  9:26  Gateway  
  76  9:27  Gateway  
  76  9:30  Gateway  
  76  9:31  Gateway  
  76  9:35  Probe x3, Assimilator  
  79  9:39  Assimilator  
  79  9:47  Probe x3  
  82  9:53  Stalker x2  
  82  9:54  Stalker  
  88  10:20  Pylon  
  88  10:23  Pylon  
  88  10:26  Gateway  
  88  10:27  Pylon  
  87  10:29  Gateway x2  
  87  10:30  Pylon  
  87  10:31  Gateway x2  
  87  10:33  Zealot x2  
  87  10:34  Zealot  
  93  10:50  Warp Prism  
  95  11:10  Zealot x9  
  113  11:31  High Templar x10  
  133  11:35  Archon x4  
  133  11:36  Archon  
  133  12:18  Pylon  
  133  12:21  Pylon  
  133  12:24  Pylon x2  
  133  12:27  Pylon  
  133  12:28  Pylon  
  133  12:29  Pylon  
  133  12:30  Pylon  
  133  12:32  Pylon  
  133  12:39  Zealot x7  
  133  12:40  Zealot x4  
  143  13:01  Stalker x3  
  143  13:02  Stalker x6  
Show
View Real Time Build Order
Export as new Build Order

Foodmaker Terran - Winner!

Build Orders: Command Center First (CC) 

Get SALT Encoding   

  12  0:00  SCV  
  13  0:12  SCV  
  14  0:17  Supply Depot  
  14  0:24  SCV  
  15  0:38  SCV  
  16  0:50  SCV  
  17  1:02  Command Center  
  17  1:03  SCV  
  18  1:12  Barracks  
  18  1:15  SCV  
  19  1:23  Refinery  
  19  1:27  SCV  
  19  1:30  Refinery  
  20  1:39  SCV  
  21  1:48  Barracks  
  21  1:51  SCV  
  22  2:01  Barracks Reactor  
  22  2:07  Orbital Command  
  22  2:17  Orbital Command  
  22  2:31  Factory  
  22  2:32  SCV  
  23  2:38  Barracks Tech Lab, Marine  
  23  2:41  Marine  
  25  2:44  SCV  
  25  2:48  SCV  
  27  2:57  SCV, Stimpack  
  28  3:00  SCV  
  28  3:01  Marine x2  
  28  3:03  Marine  
  32  3:09  SCV  
  32  3:12  SCV  
  34  3:15  Starport, Factory Reactor  
  34  3:20  Supply Depot  
  34  3:21  SCV  
  34  3:24  SCV  
  36  3:33  SCV  
  37  3:34  Supply Depot  
  37  3:36  SCV  
  37  3:41  Marine x3  
  38  3:45  SCV  
  42  3:48  SCV  
  42  3:55  Supply Depot  
  43  3:58  SCV, Medivac  
  43  3:59  Marine x3, Medivac  
  43  4:00  SCV  
  52  4:10  SCV  
  52  4:12  SCV, Supply Depot  
  52  4:17  Marine x3  
  54  4:22  SCV  
  54  4:24  Refinery, SCV, Engineering Bay  
  59  4:34  SCV, Marine x3  
  59  4:37  SCV  
  61  4:46  SCV  
  61  4:49  SCV, Combat Shield, Factory Tech Lab  
  61  4:52  Marine x3  
  63  4:58  SCV  
  60  5:01  SCV  
  60  5:05  Terran Infantry Weapons Level 1  
  61  5:08  Siege Tank  
  61  5:10  SCV, Marine x2  
  61  5:12  Marine  
  61  5:13  SCV  
  69  5:15  Barracks  
  69  5:17  Supply Depot  
  69  5:22  SCV  
  69  5:23  Starport Reactor  
  70  5:28  Supply Depot  
  70  5:37  Command Center  
  70  5:38  SCV x2, Marine x2  
  70  5:39  Supply Depot  
  73  5:43  Marine  
  73  5:46  Siege Tank  
  77  5:50  SCV x2  
  77  5:56  Marine x2  
  81  6:01  Marine  
  81  6:08  SCV x2  
  81  6:09  Medivac x2  
  81  6:11  Marine x2  
  81  6:14  Marine x2  
  84  6:19  Marine  
  84  6:20  SCV  
  86  6:28  Marine  
  86  6:29  SCV, Marine  
  86  6:32  SCV, Marine x2  
  88  6:36  Marine  
  88  6:37  Siege Tank  
  92  6:42  Medivac  
  94  6:47  Refinery  
  94  6:49  Supply Depot  
  94  6:50  Marine x2, Medivac  
  94  6:52  Supply Depot  
  96  6:56  Marine x2  
  96  6:57  Marine  
  99  7:08  Marine x2  
  101  7:11  SCV x2, Barracks  
  101  7:13  Barracks  
  101  7:14  Marine  
  101  7:15  Marine, Medivac  
  96  7:18  Siege Tank  
  96  7:20  Medivac  
  103  7:23  Terran Infantry Armor Level 1, SCV  
  103  7:24  SCV  
  103  7:27  Marine x2  
  107  7:34  Marine x3  
  107  7:35  SCV  
  107  7:36  SCV  
  112  7:40  Supply Depot  
  112  7:43  Supply Depot  
  112  7:44  Marine  
  112  7:45  Marine  
  112  7:46  Orbital Command  
  112  7:48  SCV x2  
  116  7:59  Factory, Siege Tank  
  116  8:00  Barracks Reactor x2, SCV x2  
  116  8:02  Refinery  
  120  8:06  Refinery  
  120  8:08  Barracks Reactor  
  120  8:09  Marine x2  
  120  8:12  SCV x2  
  120  8:18  SCV  
  121  8:24  SCV x2  
  123  8:29  Viking  
  123  8:30  SCV  
  123  8:31  Siege Tank  
  129  8:36  SCV x2  
  129  8:40  Supply Depot  
  129  8:41  Supply Depot  
  131  8:42  SCV  
  131  8:47  Marine x3  
  136  8:48  SCV x2  
  136  8:52  Marine x7  
  145  8:57  Armory  
  145  8:59  Engineering Bay  
  147  9:04  Marine  
  147  9:05  Marine x2  
  147  9:10  Marine x2  
  147  9:15  Command Center, Siege Tank x2  
  155  9:29  SCV x2  
  157  9:31  SCV  
  157  9:32  Barracks  
  157  9:33  Barracks x2  
  157  9:36  Liberator x2  
  164  9:54  SCV  
  164  9:57  Supply Depot  
  164  9:58  Terran Infantry Armor Level 2, Terran Infantry Weapons Level 2, Terran Vehicle Weapons Level 1  
  165  10:00  SCV x2  
  165  10:01  Supply Depot  
  165  10:03  Supply Depot  
  165  10:04  Siege Tank  
  170  10:13  SCV  
  171  10:14  SCV  
  171  10:17  Sensor Tower  
  171  10:19  Medivac x2  
  177  10:21  SCV  
  177  10:24  Barracks Tech Lab x2  
  177  10:25  Barracks Tech Lab, SCV  
  177  10:26  SCV  
  176  10:33  SCV, Orbital Command  
  176  10:35  Refinery  
  176  10:37  Refinery  
  175  10:45  Marauder  
  175  10:46  Marine  
  175  10:47  Marine  
  175  10:48  Marauder  
  175  10:49  Marauder  
  182  10:52  Medivac x2  
  186  11:02  Command Center  
  185  11:05  Command Center  
  185  11:06  Marauder  
  185  11:09  Marauder, Siege Tank  
  192  11:11  Siege Tank  
  192  11:13  Marauder  
  194  11:22  Medivac x2  
  194  11:23  Sensor Tower  
  192  11:39  Marauder x2  
  194  11:40  Marauder  
  185  11:51  Ghost Academy  
  185  11:52  Liberator x2, Ghost Academy  
  185  11:54  Ghost Academy  
  190  11:55  Ghost Academy  
  190  11:56  Ghost Academy  
  190  11:58  Command Center x2  
  181  12:16  Sensor Tower  
  181  12:17  Siege Tank x2  
  181  12:18  Sensor Tower  
  159  12:42  Orbital Command  
  159  12:50  SCV x2  
  159  12:51  SCV x2  
  163  12:54  Refinery  
  163  12:55  Refinery  
Tags
 
Add a new tag
Caveats
  • Supply blocks, unpowered buildings, or Contaminate may cause inaccurate times.
  • Supply counts are checked every 10 seconds.